 Seeded DCSS version 0.27-a0-978-g2aa4ecdaef (webtiles) character file.

Game seed: 12246631163096203030 (custom seed)

11686 flotson the Cleaver (level 11, 0/83 HPs)
             Began as a Demonspawn Gladiator on Apr 14, 2021.
             Was an Elder of Fedhas.
             Slain by a two-headed ogre
             ... wielding a +0 giant club
              (8 damage)
             ... on level 10 of the Dungeon.
             The game lasted 00:27:52 (9731 turns).

flotson the Cleaver (Demonspawn Gladiator)          Turns: 9731, Time: 00:27:53

Health: 0/83       AC: 17    Str: 17    XL:     11   Next: 52%
Magic:  13/16      EV: 10    Int: 13    God:    Fedhas [****..]
Gold:   474        SH: 10    Dex: 16    Spells: 9/10 levels left

rFire    . . .     SeeInvis +   a - +2 broad axe (vamp)
rCold    . . .     Faith    +   y - +0 kite shield
rNeg     . . .     Spirit   .   P - +0 swamp dragon scales
rPois    +         Reflect  .   l - +0 hat {SInv}
rElec    .         Harm     .   q - +0 cloak
rCorr    .         Rampage  .   M - +0 pair of gloves
Will     +....                  B - +1 pair of boots
Stlth    +.........             R - amulet of faith
HPRegen  0.23/turn              m - ring of willpower
MPRegen  0.15/turn              G - +4 ring of protection

@: no status effects
A: ignite blood 1, powered by pain 1, big brain 2
a: Renounce Religion, Wall of Briars, Grow Ballistomycete, Overgrow


You were on level 10 of the Dungeon.
You worshipped Fedhas.
Fedhas was greatly pleased with you.
You visited 2 branches of the dungeon, and saw 11 of its levels.

You collected 474 gold pieces.

Inventory:

Hand Weapons
 a - a +2 vampiric broad axe (weapon)
 b - the +8 hand axe "Upnoysos" {vorpal, rF- rC++ Dex+3}
   (You found it on level 9 of the Dungeon)

   It inflicts extra damage upon your enemies.
   It affects your dexterity (+3).
   It makes you vulnerable to fire.
   It greatly protects you from cold.
 O - a +0 vorpal broad axe
Missiles
 f - 9 boomerangs
 n - 48 poisoned darts
 r - 3 throwing nets (quivered)
 J - 17 boomerangs of dispersal
 Q - a curare-tipped dart
Armour
 l - a +0 hat of see invisible (worn)
 q - a +0 cloak (worn)
 y - a +0 kite shield (worn)
 B - a +1 pair of boots (worn)
 D - a +1 chain mail of fire resistance
 M - a +0 pair of gloves (worn)
 P - +0 swamp dragon scales (worn)
Magical Staves
 t - a staff of death
 w - a staff of poison
 A - a staff of cold
Jewellery
 m - a ring of willpower (left hand)
 G - a +4 ring of protection (right hand)
 K - a ring of flight
 R - an amulet of faith (around neck)
Wands
 g - a wand of mindburst (9)
 u - a wand of digging (3)
 z - a wand of paralysis (7)
 C - a wand of flame (2)
Scrolls
 e - 3 scrolls of blinking
 h - 3 scrolls of magic mapping
 i - 4 scrolls of teleportation {unknown}
 o - 3 scrolls of amnesia {unknown}
 s - 2 scrolls of enchant armour {unknown}
 v - a scroll of silence {unknown}
 x - 3 scrolls of noise {unknown}
 E - 2 scrolls of summoning {unknown}
 I - 2 scrolls of vulnerability {unknown}
Potions
 d - a potion of heal wounds
 j - 4 potions of lignification
 p - 3 potions of mutation
 F - a potion of berserk rage
 H - a potion of curing
 L - a potion of attraction


   Skills:
 + Level 6.8 Fighting
 * Level 8.3 Axes
 + Level 5.8 Throwing
 + Level 5.8 Armour
 - Level 4.0 Dodging
 + Level 5.2 Shields
 - Level 6.0 Necromancy
 + Level 7.7 Invocations
 + Level 5.8 Evocations


You had 9 spell levels left.
You knew the following spells:

 Your Spells              Type           Power      Damage    Failure   Level
a - Animate Skeleton      Necr           30%        N/A       16%         1

Your spell library contained the following spells:

 Spells                   Type           Power      Damage    Failure   Level
 Pain                     Necr           60%        1d7       16%         1
 Vampiric Draining        Necr           7%         2d7       43%         3
 Animate Dead             Necr           7%         N/A       85%         4
 Apportation              Tloc           0%         N/A       88%         1
 Corona                   Hex            0%         N/A       88%         1
 Freeze                   Ice            0%         1d3       88%         1
 Summon Small Mammal      Summ           0%         N/A       88%         1
 Frozen Ramparts          Ice            0%         1d2       99%         3
 Ozocubu's Armour         Ice            0%         N/A       99%         3
 Agony                    Necr           15%        N/A       99%         5
 Hailstorm                Conj/Ice       0%         3d3       100%        4
 Metabolic Englaciation   Hex/Ice        0%         N/A       100%        5


Dungeon Overview and Level Annotations

Branches:
Dungeon (10/15)            Temple (1/1) D:4            Lair (0/6) D:10
    Orc (0/2) D:9

Altars:
Cheibriados
Dithmenos
Fedhas
Gozag
Makhleb
Nemelex Xobeh
Ru
Uskayaw
Vehumet
Yredelemnul
Zin
The Shining One

Shops:
D:1 =   D:9 (


Innate Abilities, Weirdness & Mutations

Your demonic aura sometimes causes spilled blood to erupt in flames You sometimes gain a little power by taking damage.
You have an extremely huge brain. (Int +4)


Message History

a +0 dagger; an orc corpse
Things that are here:
a +0 giant club; a +0 giant club You block the killer bee's attack.
You block the killer bee's attack.
You barely miss the killer bee. The killer bee closely misses you.
The killer bee misses you. The killer bee barely misses you.
You hit the killer bee.
You feel better.
The killer bee is moderately wounded.
You block the killer bee's attack. x3
You barely miss the killer bee.
The killer bee is moderately wounded.
The killer bee barely misses you.
The killer bee stings you but does no damage.
You barely miss the killer bee.
The killer bee is moderately wounded.
The killer bee completely misses you. The killer bee barely misses you.
You block the killer bee's attack.
You closely miss the killer bee.
The killer bee is moderately wounded.
You block the killer bee's attack. The killer bee stings you.
You hit the two-headed ogre.
You feel better.
The two-headed ogre is lightly wounded.
The two-headed ogre hits you with a +0 giant club! x2
* * * LOW HITPOINT WARNING * * *
You slash the two-headed ogre!
The two-headed ogre is moderately wounded.
The two-headed ogre barely misses you. You block the two-headed ogre's attack.
You hit the two-headed ogre.
You feel better.
The two-headed ogre is moderately wounded.
The two-headed ogre barely misses you.
The two-headed ogre hits you with a +0 giant club!
* * * LOW HITPOINT WARNING * * *
A briar patch grows up from the ground. x2
You can no longer grow an oklob plant.
You walk carefully through the plants.
The two-headed ogre completely misses you.
The two-headed ogre hits you with a +0 giant club!
You die...
Fedhas appreciates your contribution to the ecosystem.

.hoy.# ##.o.# #o..# #.O##
#)########.. #)††........
########)########. #.#
#POyy))).# #.# #@#####..# .
# #.# #.# #..# ####. ####
#.#.#.# #.y#####....
...#########.#.#.#
#......O....
.#.............#.#
##y#####.###
...####.####.###.######.#
#.# #.##
#.####..>.....[y#.#####.###
#.#
#...........###............
..# #########...#
#############


You could see a two-headed ogre (ally target) and 2 killer bees.

Vanquished Creatures
  Gastronok (D:9)
  Harold (D:9)
  4 two-headed ogres
  Maggie (D:9)
  Sigmund (D:5)
  A vampire (D:8)
  A wraith (D:8)
  A wyvern (D:9)
  A shadow (D:9)
  A steam dragon (D:9)
  3 wargs (D:10)
  Edmund (D:5)
  2 water moccasins
  A sky beast (D:6)
  Duvessa (D:7)
  A black bear (D:6)
  2 ice beasts (D:7)
  9 orc warriors
  A necrophage (D:6)
  An ogre (D:7)
  A phantom (D:5)
  Blork the orc (D:4)
  4 kobold brigands
  4 bullfrogs
  A wyvern skeleton (D:7)
  2 scorpions (D:5)
  Dowan (D:7)
  17 killer bees
  2 electric eels (D:9)
  10 wights (D:9)
  4 howler monkeys
  2 bullfrog zombies (D:7)
  2 hounds
  Crazy Yiuf (D:2)
  3 centaur zombies
  10 orc priests
  A bullfrog skeleton (D:6)
  A jelly (D:4)
  A centaur skeleton (D:4)
  6 iguanas
  Ijyb (D:4)
  10 orc wizards
  A killer bee zombie (D:7)
  Robin (D:4)
  10 gnolls
  6 adders
  2 shadow imps
  2 white imps
  3 ufetubi
  2 adder skeletons (D:4)
  4 worms
  A dart slug (D:2)
  37 orcs
  10 ball pythons
  11 endoplasms
  A giant cockroach (D:2)
  14 goblins
  5 hobgoblins
  7 jackals
  8 quokkas
  A bat (D:3)
  4 frilled lizards
  13 kobolds
  4 rats
267 creatures vanquished.

Vanquished Creatures (collateral kills)
  2 ballistomycete spores (D:9)
2 creatures vanquished.

Vanquished Creatures (others)
  A kobold brigand (D:9)
  A kobold (D:9)
  13 plants (D:4)
15 creatures vanquished.

Grand Total: 284 creatures vanquished

Notes
Turn   | Place    | Note
-------+----------+-------------------------------------------
     0 | D:1      | flotson the Demonspawn Gladiator began the quest for the
                  | Orb.
     0 | D:1      | Reached XP level 1. HP: 16/16 MP: 1/1
   326 | D:1      | Found Xoerehik's Jewellery Shop.
   331 | D:1      | Gained mutation: You have an unusually large brain. (Int
                  | +2) [demonic ancestry]
   331 | D:1      | Reached XP level 2. HP: 6/22 MP: 2/2
   342 | D:1      | HP: 1/22 [hobgoblin (2)]
  1345 | D:2      | Reached skill level 3 in Axes
  1696 | D:2      | Reached XP level 3. HP: 28/28 MP: 3/3
  1717 | D:2      | Reached skill level 1 in Armour
  2054 | D:2      | Learned a level 1 spell: Animate Skeleton
  2148 | D:2      | Reached XP level 4. HP: 33/34 MP: 4/4
  2572 | D:2      | Found a runed translucent door.
  2573 | D:2      | Noticed Crazy Yiuf
  2588 | D:2      | Killed Crazy Yiuf
  2589 | D:2      | Reached skill level 1 in Necromancy
  2589 | D:2      | Reached XP level 5. HP: 38/41 MP: 1/5
  3523 | D:4      | Found a staircase to the Ecumenical Temple.
  3534 | Temple   | Entered the Ecumenical Temple
  3543 | Temple   | Became a worshipper of Fedhas Madash
  3598 | D:4      | Noticed Robin
  3611 | D:4      | Killed Robin
  3709 | D:4      | Reached * piety under Fedhas
  3755 | D:4      | Reached XP level 6. HP: 47/47 MP: 6/6
  3991 | D:4      | Reached skill level 1 in Invocations
  4086 | D:4      | Noticed Ijyb
  4101 | D:4      | Killed Ijyb
  4102 | D:4      | Reached skill level 1 in Evocations
  4597 | D:5      | Entered Level 5 of the Dungeon
  4697 | D:5      | Reached ** piety under Fedhas
  4698 | D:5      | Gained mutation: You have an extremely huge brain. (Int +4)
                  | [demonic ancestry]
  4698 | D:5      | Reached XP level 7. HP: 52/52 MP: 8/8
  4723 | D:5      | Noticed Blork the orc
  4781 | D:4      | Killed Blork the orc
  4782 | D:4      | Reached skill level 1 in Shields
  4806 | D:5      | Reached skill level 4 in Axes
  4841 | D:5      | Noticed Edmund
  4857 | D:5      | Killed Edmund
  5043 | D:5      | Noticed Sigmund
  5065 | D:5      | Killed Sigmund
  5066 | D:5      | Gained mutation: Your demonic aura sometimes causes spilled
                  | blood to erupt in flames [demonic ancestry]
  5066 | D:5      | Reached XP level 8. HP: 50/60 MP: 10/10
  6069 | D:6      | Found an opulent altar of Gozag.
  6355 | D:7      | Reached skill level 5 in Axes
  6373 | D:7      | Reached *** piety under Fedhas
  6379 | D:7      | Noticed Dowan
  6381 | D:7      | Gained mutation: You sometimes gain a little power by
                  | taking damage. [demonic ancestry]
  6381 | D:7      | Reached XP level 9. HP: 54/66 MP: 12/12
  6381 | D:7      | Noticed Duvessa
  6395 | D:7      | Killed Duvessa
  6399 | D:7      | Killed Dowan
  6517 | D:7      | Reached skill level 5 in Fighting
  6576 | D:7      | Reached skill level 5 in Invocations
  7021 | D:7      | Reached skill level 6 in Axes
  7089 | D:7      | Reached skill level 5 in Necromancy
  7140 | D:8      | Reached **** piety under Fedhas
  7151 | D:8      | Reached XP level 10. HP: 52/74 MP: 14/14
  7238 | D:8      | Noticed a two-headed ogre
  7261 | D:8      | Noticed a two-headed ogre
  7268 | D:8      | Killed a two-headed ogre
  7273 | D:8      | Killed a two-headed ogre
  7708 | D:9      | Reached skill level 5 in Throwing
  7775 | D:9      | Reached skill level 7 in Axes
  7900 | D:9      | Reached skill level 5 in Armour
  7943 | D:9      | Reached ***** piety under Fedhas
  7963 | D:9      | Reached skill level 5 in Evocations
  8005 | D:9      | Found a staircase to the Orcish Mines.
  8072 | D:9      | Identified the +8 hand axe "Upnoysos" {vorpal, rF- rC++
                  | Dex+3}
  8099 | D:9      | Noticed Maggie
  8113 | D:9      | Killed Maggie
  8623 | D:9      | Found Sockiny's Weapon Shoppe.
  8626 | D:9      | Noticed Harold
  8636 | D:9      | Killed Harold
  8637 | D:9      | Reached XP level 11. HP: 81/81 MP: 16/16
  8705 | D:9      | Noticed a two-headed ogre
  8708 | D:9      | Killed a two-headed ogre
  8995 | D:9      | Noticed Gastronok
  9032 | D:9      | HP: 4/83 [Gastronok/the air (38)]
  9449 | D:9      | Killed Gastronok
  9450 | D:9      | Reached skill level 8 in Axes
  9450 | D:9      | Reached skill level 5 in Shields
  9498 | D:10     | Entered Level 10 of the Dungeon
  9555 | D:10     | Found a staircase to the Lair.
  9581 | D:10     | Noticed a two-headed ogre
  9596 | D:10     | Killed a two-headed ogre
  9675 | D:10     | Noticed a two-headed ogre
  9731 | D:10     | Slain by a two-headed ogre

Illustrated notes

Levels and vault maps discovered:
D:1:      kennysheep_arrival_forest, layout_rooms, serial_shops, shop,
          minmay_misc_feat_diagonals, minivault_23, nrook_campfire
D:2:      layout_basic, uniq_crazy_yiuf_cottage
D:3:      layout_loops_ring
D:4:      layout_basic, minmay_temple_entry_tees, serial_bayou,
          serial_bayou_ford_a, serial_bayou_pond_d, serial_bayou_shore_b,
          serial_bayou_lagoon_a, serial_bayou_pond_e, uniq_robin, uniq_ijyb
D:5:      layout_loops_ring, minmay_misc_feat_secret_circle, uniq_sigmund,
          uniq_blork_the_orc, uniq_edmund
D:6:      layout_basic, grunt_gozag_breadcrumbs
D:7:      layout_cave_pools, minmay_unpleasant_kobolds, uniq_duvessa
D:8:      layout_rooms, nzn_life_drinkers
D:9:      layout_basic, erik_orc_2, serial_shops, nicolae_shop_behind_doors,
          uniq_maggie, uniq_harold, uniq_gastronok
D:10:     layout_loops_ring, erik_lair_orcish_takeover, the_bakery
Temple:   compressed_dpeg_triangle_lava_temple

Skill      XL: |  1  2  3  4  5  6  7  8  9 10 11 |
---------------+----------------------------------+-----
Throwing       | 2 3 4 5 |  5.8
Axes           | 3 4 5 6 7 8 |  8.3
Dodging        | 3 4 |  4.0
Armour         | 1 2 3 4 5 |  5.8
Fighting       | 3 4 5 6 |  6.8
Necromancy     | 1 2 3 4 5 6 |  6.0
Invocations    | 1 3 4 5 7 |  7.7
Evocations     | 1 2 3 4 5 |  5.8
Shields        | 1 2 3 4 5 |  5.2

Action                   |  1- 3 |  4- 6 |  7- 9 | 10-12 || total
-------------------------+-------+-------+-------+-------++-------
Melee: War axe           |    30 |       |       |       ||    30
       Dagger            |    78 |    98 |   107 |       ||   283
       Quarterstaff      |       |   115 |       |       ||   115
       Broad axe         |       |       |   226 |   304 ||   530
Throw: Throwing net      |     3 |     3 |       |     4 ||    10
       Dart              |       |       |    12 |    11 ||    23
       Boomerang         |       |       |     3 |    53 ||    56
Invok: Wall of Briars    |       |       |       |     3 ||     3
       Grow Ballistomyce |       |       |       |     2 ||     2
Evoke: Wand              |       |       |       |    12 ||    12
  Use: Scroll            |       |       |     7 |     3 ||    10
       Potion            |       |       |       |     1 ||     1
 Stab: Sleeping          |     2 |     1 |     2 |       ||     5
       Held in net/web   |       |       |       |     1 ||     1
Armor: Leather armour    |    16 |    91 |   192 |    51 ||   350
       Swamp dragon scal |       |       |       |    62 ||    62
Dodge: Dodged            |    60 |   138 |   202 |   184 ||   584
Block: Kite shield       |       |    30 |   200 |   193 ||   423

Table legend: (Time is in decaauts)
 A = Elapsed time spent in this place.
 B = Non-inter-level travel time spent in this place.
 C = Inter-level travel time spent in this place.
 D = Time resting spent in this place.
 E = Time spent auto-exploring this place.
 F = Levels seen in this place.
 G = Mean time per level.
                   A        B        C        D        E       F      G
               +--------+--------+--------+--------+--------+-----+--------+
         Total |  10133 |   9872 |    261 |    376 |   6918 |  11 |  921.2 |
       Dungeon |  10116 |   9862 |    254 |    376 |   6918 |  10 | 1011.6 |
        Temple |     16 |      9 |      7 |      0 |      0 |   1 |   16.0 |
               +--------+--------+--------+--------+--------+-----+--------+

Top non-repeatable levels by time:
     D:9: 1927 daAuts
     D:2: 1627 daAuts
     D:1: 1307 daAuts
     D:4: 1160 daAuts
     D:5: 897 daAuts
     D:6: 885 daAuts
     D:7: 786 daAuts
     D:8: 640 daAuts
     D:3: 625 daAuts
    D:10: 257 daAuts
  Temple: 16 daAuts
